 Dungeon Crawl Stone Soup version 0.27-a0-681-g0c81a3c1c3 (webtiles) character file.

Game seed: 15937572376666486523

154 tilp the Sneak (level 5, 0/37 HPs)
             Began as an Octopode Transmuter on Mar 19, 2021.
             Slain by Grinder (1 damage)
             ... on level 3 of the Dungeon.
             The game lasted 00:04:40 (3265 turns).

tilp the Sneak (Octopode Transmuter)                Turns: 3265, Time: 00:04:41

Health: 0/37       AC:  1    Str: 10    XL:     5   Next: 35%
Magic:  8/8        EV: 13    Int: 16    God:
Gold:   175        SH:  0    Dex: 12    Spells: 5/8 levels left

rFire    . . .     SeeInvis .     - Unarmed
rCold    . . .     Faith    .   (no shield)
rNeg     . . .     Spirit   .   (helmet currently unavailable)
rPois    .         Reflect  .   (no amulet)
rElec    .         Harm     .   (no ring)
rCorr    .         Rampage  .   (no ring)
Will     .....                  (no ring)
Stlth    +++.......             (no ring)
HPRegen  0.12/turn              (no ring)
MPRegen  0.11/turn              (no ring)
                                (no ring)
                                (no ring)

@: appendages (expiring)
A: tentacle spike 3, almost no armour, amphibious, 8 rings, camouflage 1,
gelatinous body 1, nimble swimmer 1, tentacles
a: End Transformation


You were on level 3 of the Dungeon.
One of your tentacles had grown a beastly spike.
You visited 1 branch of the dungeon, and saw 3 of its levels.

You collected 175 gold pieces.

Inventory:

Missiles
 b - 57 stones (quivered)
Magical Staves
 d - a staff of poison
Wands
 g - a wand of polymorph (6)
Scrolls
 c - a scroll of fear {unknown}
 e - a scroll of holy word {unknown}
 f - a scroll of teleportation
 h - a scroll of blinking {unknown}
 j - a scroll of identify {unknown}
 l - a scroll of noise {unknown}
 m - a scroll of magic mapping {unknown}
Potions
 i - a potion of might {unknown}
 k - a potion of heal wounds {unknown}


   Skills:
 - Level 4.0 Fighting
 - Level 2.0 Dodging
 - Level 4.0 Stealth
 + Level 3.1 Unarmed Combat
 - Level 2.0 Spellcasting
 - Level 2.0 Transmutations


You had 5 spell levels left.
You knew the following spells:

 Your Spells              Type           Power      Damage    Failure   Level
a - Beastly Appendage     Tmut           16%        N/A       9%          1
b - Wereblood             Tmut           8%         N/A       14%         2

Your spell library contained the following spells:

 Spells                   Type           Power      Damage    Failure   Level
 Spider Form              Tmut/Pois      2%         N/A       38%         3
 Ice Form                 Ice/Tmut       4%         N/A       80%         4
 Blade Hands              Tmut           4%         N/A       94%         5


Dungeon Overview and Level Annotations

Branches:
Dungeon (3/15)

Altars:

Annotations:
D:2 1 runed translucent door, Crazy Yiuf
D:3 Grinder


Innate Abilities, Weirdness & Mutations

One of your tentacles has grown a beastly spike.
You cannot wear most types of armour.
You are amphibious.
You can wear up to eight rings at the same time.
Your skin changes colour to match your surroundings (Stealth+).
Your rubbery body absorbs attacks. (AC +1, EV +1)
You are stealthy while swimming. (Stealth+)
You have tentacles for arms and can constrict up to eight enemies at once.


Message History

You see here 18 arrows.
You tentacle-slap Grinder but do no damage.
Your grab misses Grinder. Grinder hits you.
You writhe in agony.
You tentacle-slap Grinder but do no damage.
You grab Grinder. You squeeze Grinder!
Grinder is lightly wounded.
You constrict Grinder, but do no damage.
Grinder closely misses you.
You tentacle-slap Grinder but do no damage.
Grinder is lightly wounded.
You constrict Grinder. Grinder hits you!
You tentacle-slap Grinder.
Grinder is moderately wounded.
Your transformation is almost over.
You constrict Grinder. You barely miss Grinder.
Grinder is moderately wounded.
You constrict Grinder. Grinder hits you.
You writhe in agony.
You tentacle-slap Grinder. You squeeze Grinder, but do no damage.
Grinder is heavily wounded.
You constrict Grinder. Grinder closely misses you.
You tentacle-slap Grinder. You squeeze Grinder, but do no damage.
Grinder is heavily wounded.
You constrict Grinder. Grinder hits you!
* * * LOW HITPOINT WARNING * * *
You writhe in agony.
* * * LOW HITPOINT WARNING * * *
It was a potion of curing.
You feel better.
You constrict Grinder. Grinder hits you!
* * * LOW HITPOINT WARNING * * *
You feel better.
You constrict Grinder.
Grinder struggles to blink free from constriction.
You tentacle-slap Grinder.
Your tentacle spike misses Grinder.
Grinder is severely wounded.
You constrict Grinder. Grinder hits you!
* * * LOW HITPOINT WARNING * * *
You feel better.
You constrict Grinder. Grinder hits you!
* * * LOW HITPOINT WARNING * * *
You writhe in agony.
You die...

.......### ##########
.........#########........#
...[...#..................####
.......###########...........#
.......# #...........#
####.####### #...........#
#..#....# ###.........>.#
##.#....#####...........###
#####.#.........@.........##
...........####5##(.......#
....................#######
...............[.####
....#####.........##########
...###.....................#
...# #..........##....####.#
...###............###......#
................#.########)#


You could see Grinder.

Vanquished Creatures
  Jessica (D:2)
  Terence (D:3)
  2 adders
  2 oozes
  2 adder zombies (D:1)
  A dart slug (D:2)
  2 leopard geckos
  2 orcs (D:3)
  4 ball pythons
  9 bats
  2 giant cockroaches
  7 goblins
  6 hobgoblins
  A quokka (D:2)
  9 frilled lizards
  7 kobolds
  10 rats
68 creatures vanquished.

Notes
Turn   | Place    | Note
-------+----------+-------------------------------------------
     0 | D:1      | tilp the Octopode Transmuter began the quest for the Orb.
     0 | D:1      | Reached XP level 1. HP: 13/13 MP: 3/3
    55 | D:1      | Reached skill level 1 in Stealth
   199 | D:1      | Reached XP level 2. HP: 13/18 MP: 3/5
   210 | D:1      | Learned a level 2 spell: Wereblood
  1247 | D:1      | Reached XP level 3. HP: 21/23 MP: 4/6
  1531 | D:2      | Noticed Jessica
  1542 | D:2      | Killed Jessica
  1549 | D:2      | Reached XP level 4. HP: 22/30 MP: 4/7
  2255 | D:2      | Found a runed translucent door.
  2256 | D:2      | Noticed Crazy Yiuf
  2471 | D:3      | Noticed Grinder
  2673 | D:3      | Reached XP level 5. HP: 36/36 MP: 6/8
  2717 | D:3      | Noticed Terence
  2729 | D:3      | Killed Terence
  3245 | D:3      | Paralysed by Grinder for 3 turns
  3265 | D:3      | HP: 1/37 [Grinder (10)]
  3265 | D:3      | Slain by Grinder

Illustrated notes

Levels and vault maps discovered:
D:1:      saegor_arrival_fortress, layout_rooms, minmay_lizard_pond
D:2:      layout_rooms, uniq_crazy_yiuf_cottage, uniq_jessica
D:3:      layout_rooms, ashenzari_conservatory_becter, uniq_grinder,
          uniq_terence

Skill      XL: |  1  2  3  4  5 |
---------------+----------------+-----
Stealth        | 2 3 4 |  4.0
Fighting       | 2 3 4 |  4.0
Dodging        | |  2.0
Unarmed Combat | |  3.1
Spellcasting   | |  2.0
Transmutations | |  2.0

Action                   |  1- 3 |  4- 6 || total
-------------------------+-------+-------++-------
Melee: Unarmed           |    62 |   106 ||   168
       Constrict         |    16 |    21 ||    37
       Kick              |    14 |    18 ||    32
       Tentacles         |     4 |    19 ||    23
       Punch             |       |     1 ||     1
Throw: Stone             |       |     4 ||     4
 Cast: Beastly Appendage |    14 |    28 ||    42
       Wereblood         |     3 |     6 ||     9
  Use: Scroll            |       |     1 ||     1
       Potion            |       |     3 ||     3
 Stab: Sleeping          |     1 |     8 ||     9
Armor: Skin              |     5 |     6 ||    11
Dodge: Dodged            |    42 |    50 ||    92

Table legend: (Time is in decaauts)
 A = Elapsed time spent in this place.
 B = Non-inter-level travel time spent in this place.
 C = Inter-level travel time spent in this place.
 D = Time resting spent in this place.
 E = Time spent auto-exploring this place.
 F = Levels seen in this place.
 G = Mean time per level.
                   A        B        C        D        E       F      G
               +--------+--------+--------+--------+--------+-----+--------+
         Total |   3258 |   3141 |    117 |    807 |   1804 |   3 | 1086.0 |
       Dungeon |   3258 |   3141 |    117 |    807 |   1804 |   3 | 1086.0 |
               +--------+--------+--------+--------+--------+-----+--------+

Top non-repeatable levels by time:
     D:1: 1590 daAuts
     D:2: 1056 daAuts
     D:3: 611 daAuts
